 Dungeon Crawl Stone Soup version 0.24.0-123-gd5b16e6ec5 (webtiles) character file.

Game seed: 3082300690766956840, levelgen mode: deterministic

146 FishyPogo the Stinger (level 5, 0/35 HPs)
             Began as a Demonspawn Venom Mage on Jan 30, 2020.
             Was an Initiate of Vehumet.
             Slain by Grinder (2 damage)
             ... on level 3 of the Dungeon.
             The game lasted 00:09:45 (2750 turns).

FishyPogo the Stinger (Demonspawn Venom Mage)       Turns: 2750, Time: 00:09:46

Health: 0/35       AC:  8    Str:  8    XL:     5   Next: 7%
Magic:  15/17      EV: 18    Int: 17    God:    Vehumet [......]
Gold:   107        SH:  0    Dex: 19    Spells: 2/8 levels left

rFire    . . .     SeeInvis .   t - +0 whip (flame)
rCold    . . .     Gourm    .   (no shield)
rNeg     . . .     Faith    .   g - +0 robe
rPois    .         Spirit   .   (no helmet)
rElec    .         Reflect  .   (no cloak)
rCorr    .         Harm     .   (no gloves)
MR       .....     Rnd*Tele +   (no boots)
Stlth    +++.......             (no amulet)
HPRegen  0.11/turn              b - ring of magical power
MPRegen  0.15/turn              j - ring of teleportation (curse)

@: agile, sanguine armour
A: hooves 1, sanguine armour 1
a: Renounce Religion


You were on level 3 of the Dungeon.
You worshipped Vehumet.
Vehumet was noncommittal.
You were not hungry.

You visited 1 branch of the dungeon, and saw 3 of its levels.

You collected 107 gold pieces.

Inventory:

Hand Weapons
 a - a +0 dagger of flaming
 t - a +0 whip of flaming (weapon)
Missiles
 f - 126 stones (quivered)
 m - 8 poisoned darts
Armour
 g - a +0 robe (worn)
 n - a +0 buckler
Jewellery
 b - a ring of magical power (left hand)
 e - an uncursed ring of see invisible
 j - a cursed ring of teleportation (right hand)
Scrolls
 d - 2 scrolls of enchant armour {unknown}
 l - a scroll of fear {unknown}
 o - a scroll of fog {unknown}
 p - a scroll of remove curse {unknown}
 r - 4 scrolls of identify {unknown}
 w - a scroll of magic mapping {unknown}
Potions
 i - 2 potions of flight {unknown}
 k - 3 potions of curing {unknown}
 s - a potion of ambrosia {unknown}
 u - a potion of cancellation {unknown}
 v - a potion of heal wounds {unknown}
Comestibles
 c - 2 rations
 q - 5 chunks of flesh


   Skills:
 - Level 2.0 Dodging
 - Level 1.7 Stealth
 + Level 1.5 Shields
 - Level 2.0 Spellcasting
 + Level 1.9 Conjurations
 + Level 5.0 Poison Magic


You had 2 spell levels left.
You knew the following spells:

 Your Spells              Type           Power        Failure   Level  Hunger
a - Sting                 Conj/Pois      ##..         4%          1    #......
b - Poisonous Vapours     Pois/Air       ##....       11%         2    ###....
c - Mephitic Cloud        Conj/Pois/Air  #.......     22%         3    ###....

Your spell library contained the following spells:

 Spells                   Type           Power        Failure   Level  Hunger
 Olgreb's Toxic Radiance  Pois           ###.....     24%         4    #####..
 Venom Bolt               Conj/Pois      ##........   78%         5    ######.


Dungeon Overview and Level Annotations

Branches:
Dungeon (3/15)

Altars:
Ashenzari
Dithmenos
Fedhas
Okawaru
Uskayaw
Vehumet
Wu Jian

Annotations:
D:3 Grinder


Innate Abilities, Weirdness & Mutations

You have large cloven feet.
When seriously injured, your bleeding wounds create armour. (AC +6)


Message History

You are too injured to fight recklessly!
You are too injured to fight recklessly!
You hit Grinder. You burn Grinder.
Grinder is lightly wounded.
Grinder completely misses you.
You hit Grinder. You burn Grinder.
Grinder is moderately wounded.
Grinder hits you.
You writhe in agony.
You barely miss Grinder. Your kick misses Grinder.
Grinder is moderately wounded.
Grinder hits you.
* * * LOW HITPOINT WARNING * * *
You writhe in agony.
* * * LOW HITPOINT WARNING * * *
It was a potion of agility.
You feel agile all of a sudden. Grinder hits you.
* * * LOW HITPOINT WARNING * * *
You writhe in agony.
You die...

#############
#...........#
####
#.#########.#
#...
#.#.........#
#...
#.#.######..#
#####...
#.#.# #..#
.......<
#.#.# #..#
###.#...
#.#.# #.@# #
#### #.#.###
#.5# ...
#.....# #..#
...
#.....####..#
...
#...........#
.$.
#.....####.##
... #..)..#
#. ###
###.### #.
#........


You could see Grinder.

Vanquished Creatures
  Natasha (twice) (D:3)
  3 adders
  An ooze (D:2)
  4 worms
  A dart slug (D:2)
  A leopard gecko (D:1)
  An orc (D:3)
  8 bats
  3 giant cockroaches
  A gnoll zombie (D:3)
  8 goblins
  5 hobgoblins
  2 jackals (D:2)
  3 ball pythons
  2 frilled lizards (D:1)
  6 kobolds
  4 rats
55 creatures vanquished.

Notes
Turn   | Place    | Note
-------+----------+-------------------------------------------
     0 | D:1      | FishyPogo the Demonspawn Venom Mage began the quest for the
                  | Orb.
     0 | D:1      | Reached XP level 1. HP: 13/13 MP: 3/3
   274 | D:1      | Gained mutation: You have large cloven feet. [demonic
                  | ancestry]
   274 | D:1      | Reached XP level 2. HP: 19/19 MP: 0/5
   427 | D:1      | Learned a level 2 spell: Poisonous Vapours
   973 | D:2      | Reached skill level 4 in Poison Magic
  1011 | D:2      | Reached XP level 3. HP: 24/24 MP: 0/6
  1925 | D:2      | Reached XP level 4. HP: 8/30 MP: 0/7
  2016 | D:2      | Found a hide-covered altar of Uskayaw.
  2017 | D:2      | Found an iron altar of Okawaru.
  2017 | D:2      | Found an ornate altar of the Wu Jian Council.
  2017 | D:2      | Found a radiant altar of Vehumet.
  2025 | D:2      | Found a blossoming altar of Fedhas.
  2025 | D:2      | Found a shadowy altar of Dithmenos.
  2105 | D:2      | Became a worshipper of Vehumet
  2360 | D:3      | Noticed Natasha
  2369 | D:3      | Killed Natasha
  2369 | D:3      | Reached skill level 1 in Shields
  2458 | D:3      | Learned a level 3 spell: Mephitic Cloud
  2509 | D:3      | Noticed Natasha
  2514 | D:3      | Killed Natasha
  2528 | D:3      | Found a shattered altar of Ashenzari.
  2687 | D:3      | Reached skill level 5 in Poison Magic
  2687 | D:3      | Gained mutation: When seriously injured, your bleeding
                  | wounds create armour. (AC +6) [demonic ancestry]
  2687 | D:3      | Reached XP level 5. HP: 35/35 MP: 8/8
  2732 | D:3      | Noticed Grinder
  2737 | D:3      | Paralysed by Grinder for 4 turns
  2750 | D:3      | Slain by Grinder

Levels and vault maps discovered:
D:1:      dpeg_arrival_arbitrary_a, layout_basic
D:2:      layout_basic, minmay_overflow_temple_hex, first_ration
D:3:      layout_loops_ring, cheibrodos_ashenzari_chains,
          lemuel_zombie_altar_yredelemnul, uniq_grinder,
          uniq_crazy_yiuf_cottage, uniq_natasha

Skill      XL: |  1  2  3  4 |
---------------+-------------+-----
Dodging        | 2 |  2.0
Poison Magic   | 4 5 |  5.0
Shields        | 1 |  1.5
Stealth        | |  1.7
Spellcasting   | |  2.0
Conjurations   | |  1.9

Action                   |  1- 3 |  4- 6 || total
-------------------------+-------+-------++-------
Melee: Dagger            |    69 |    15 ||    84
       Kick              |    14 |    10 ||    24
       Whip              |       |    21 ||    21
Throw: Stone             |     3 |       ||     3
 Cast: Sting             |    82 |    33 ||   115
       Poisonous Vapours |     3 |     5 ||     8
  Use: Potion            |       |     1 ||     1
  Eat: Chunk             |     4 |     1 ||     5
       Ration            |       |     1 ||     1
Armor: Robe              |    20 |     9 ||    29
Dodge: Dodged            |    90 |    30 ||   120
